 Dungeon Crawl Stone Soup version 0.27-a0-1140-g099f9bb0e8 (webtiles) character file.

Game seed: 3870889198335226077

5 MikuNakano the Shield-Bearer (level 1, 0/11 HPs)
             Began as a Vine Stalker Fighter on May 9, 2021.
             Slain by a jackal (1 damage)
             ... on level 1 of the Dungeon.
             The game lasted 00:00:07 (80 turns).

MikuNakano the Shield-Bearer (Vine Stalker Fighter)   Turns: 80, Time: 00:00:07

Health: 0/11       AC:  6    Str: 18    XL:     1   Next: 80%
Magic:  0/2        EV:  7    Int:  8    God:
Gold:   25         SH:  9    Dex: 13    Spells: 0/0 levels left

rFire    . . .     SeeInvis .   a - +0 long sword
rCold    . . .     Faith    .   c - +0 kite shield
rNeg     . . .     Spirit   +   b - +0 scale mail
rPois    .         Reflect  .   (no helmet)
rElec    .         Harm     .   (no cloak)
rCorr    .         Rampage  .   (no gloves)
Will     .....                  (no boots)
Stlth    ..........             (no amulet)
HPRegen  0.03/turn              (no ring)
MPRegen  0.08/turn              (no ring)

@: no status effects
A: fangs 2, magic shield, antimagic bite, no potion heal 2
a: no special abilities


You were on level 1 of the Dungeon.
You visited 1 branch of the dungeon, and saw 1 of its levels.

You collected 25 gold pieces.

Inventory:

Hand Weapons
 a - a +0 long sword (weapon)
Armour
 b - a +0 scale mail (worn)
 c - a +0 kite shield (worn)
Potions
 d - a potion of might


   Skills:
 + Level 2.8 Fighting
 + Level 1.7 Long Blades
 + Level 2.4 Armour
 + Level 2.9 Shields


You couldn't memorise any spells.
You didn't know any spells.
Your spell library was empty.

Dungeon Overview and Level Annotations

Branches:
Dungeon (1/15)

Altars:


Innate Abilities, Weirdness & Mutations

You have extremely sharp teeth.
When hurt, damage is shared between your health and your magic reserves.
Your bite disrupts and absorbs the magic of your enemies.
Potions cannot restore your health.


Message History

The bat barely misses you.
You riposte.
You barely miss the bat. The bat hits you but does no damage.
You slash the bat!
You kill the bat!
You block the jackal's attack.
You hit the jackal. You bite the jackal. You drain its power.
The jackal is almost dead.
The jackal bites you. The jackal barely misses you.
The jackal completely misses you. x2
You are too injured to fight recklessly!
You are too injured to fight recklessly!
You are too injured to fight recklessly!
You are too injured to fight recklessly!
You completely miss the jackal. You bite the jackal, but do no damage.
The jackal is almost dead.
You block the jackal's attack.
The jackal bites you but does no damage.
You block the jackal's attack.
The jackal bites you but does no damage.
You are too injured to fight recklessly!
You hit the jackal.
You kill the jackal!
The jackal bites you but does no damage.
You barely miss the jackal. Your bite misses the jackal.
You block the jackal's attack.
The jackal bites you but does no damage.
The jackal barely misses you. You block the jackal's attack.
You hit the jackal.
You kill the jackal!
The jackal bites you but does no damage. x2
You barely miss the jackal. You bite the jackal. You drain its power.
The jackal is heavily wounded.
You block the jackal's attack.
The jackal bites you but does no damage.
The jackal bites you.
* * * LOW HITPOINT WARNING * * *
The jackal bites you.
* * * LOW HITPOINT WARNING * * *
The jackal bites you.
You die...

##.............. ########
#............... ........
.........#...... ..##...<
................ ........
...............>....#####
.h....##.#..........#####
..... #.# #..#..........
.... ##h# ..# ########.
... #h@# #.# ###. .$
#.#####.########... .
#.#...#...##.....##
#............#####
##....[......## .
##............# .
#.............##. #
####.##.............#
#....###.........####


You could see 2 jackals.

Vanquished Creatures
  A goblin (D:1)
  2 jackals (D:1)
  A ball python (D:1)
  A bat (D:1)
5 creatures vanquished.

Vanquished Creatures (others)
  A jackal (D:1)
1 creature vanquished.

Grand Total: 6 creatures vanquished

Notes
Turn   | Place    | Note
-------+----------+-------------------------------------------
     0 | D:1      | MikuNakano the Vine Stalker Fighter began the quest for the
                  | Orb.
     0 | D:1      | Reached XP level 1. HP: 11/11 MP: 2/2
    80 | D:1      | Slain by a jackal

Illustrated notes

Levels and vault maps discovered:
D:1:      minmay_arrival_arboretum_small, layout_rooms, lemuel_another_geyser

Action                   || total
-------------------------++-------
Melee: Long sword        ||    10
       Bite              ||     4
Armor: Scale mail        ||    10
Dodge: Dodged            ||     5
Block: Kite shield       ||     9
       Rpst.: Long sword ||     1

Table legend: (Time is in decaauts)
 A = Elapsed time spent in this place.
 B = Non-inter-level travel time spent in this place.
 C = Inter-level travel time spent in this place.
 D = Time resting spent in this place.
 E = Time spent auto-exploring this place.
 F = Levels seen in this place.
 G = Mean time per level.
                   A        B        C        D        E       F      G
               +--------+--------+--------+--------+--------+-----+--------+
         Total |     85 |     85 |      0 |      0 |     64 |   1 |   85.0 |
       Dungeon |     85 |     85 |      0 |      0 |     64 |   1 |   85.0 |
               +--------+--------+--------+--------+--------+-----+--------+

Top non-repeatable levels by time:
     D:1: 85 daAuts
